Map: Blackpink LE

Players

coldhand

  • Race: Terran Terran
  • Spawn Location: 7:00

Flex - Winner!

  • Race: Terran Terran
  • League: Silver
  • Spawn Location: 1:00

VOD

Have the link to the VOD?

Description

Time

  • Played on: March 24, 2018, 4:29 a.m.
  • Length: 21:35
Show
View Real Time Build Order
Export as new Build Order

coldhand Terran 

Build Orders: 1/1/1, Hellion Banshee 

Get SALT Encoding   

  12  0:00  SCV  
  13  0:13  SCV  
  14  0:19  Supply Depot  
  14  0:25  SCV  
  15  0:40  SCV  
  16  0:46  Refinery x2  
  16  0:50  Barracks  
  16  0:55  SCV  
  17  1:07  SCV  
  18  1:19  SCV  
  19  1:40  Factory  
  19  1:42  Marine  
  19  1:43  Orbital Command  
  20  1:48  Supply Depot  
  20  2:07  Supply Depot  
  20  2:08  Barracks Reactor  
  20  2:12  SCV  
  21  2:26  Starport, Factory Tech Lab  
  21  2:32  SCV  
  22  2:39  Supply Depot  
  22  2:44  SCV  
  23  2:56  SCV  
  24  3:00  Hellion  
  24  3:01  Hellion  
  28  3:07  Starport  
  28  3:08  Barracks Reactor  
  28  3:10  Banshee  
  31  3:21  Cloaking Field, Supply Depot  
  31  3:26  Hellion  
  33  3:28  Hellion  
  35  3:38  Supply Depot  
  37  3:58  Hellion x2  
  37  3:59  Marine x2  
  41  4:10  Banshee  
  36  4:38  Marine x2  
  36  4:41  Hellion x2  
  36  4:43  SCV  
  43  4:53  Banshee  
  42  5:13  Command Center  
  40  5:20  Hellion x2  
  40  5:21  Marine x2  
  42  5:36  Banshee  
  45  5:46  SCV  
  46  6:01  SCV  
  46  6:04  Hellion x2, Marine x2  
  56  6:31  Refinery, Orbital Command  
  56  6:32  Refinery, Marine x2  
  56  6:33  Hellion  
  56  6:34  Hellion  
  53  7:07  SCV x2, Barracks x2  
  55  7:09  Barracks  
  55  7:10  Barracks  
  52  7:19  SCV  
  52  7:20  SCV  
  46  7:35  Medivac  
  46  7:36  Medivac  
  44  7:37  Siege Tank  
  44  7:38  Marine x2  
  49  8:18  SCV x2  
  40  8:29  Marine x6  
  40  8:30  SCV x2  
  40  8:49  Engineering Bay  
  24  10:34  Missile Turret  
  23  10:45  Orbital Command  
  20  11:05  Missile Turret  
  20  11:28  Command Center  
  20  11:32  Barracks Tech Lab  
  20  11:35  Factory Tech Lab  
  20  11:40  Missile Turret  
  20  11:56  Missile Turret  
  20  12:08  Supply Depot  
  20  12:09  Supply Depot  
  20  12:10  Supply Depot  
  20  12:12  Missile Turret  
  20  12:29  SCV  
  23  12:30  Siege Tank, Raven  
  25  12:37  Marine x3  
  25  12:41  SCV  
  27  12:52  Supply Depot  
  27  12:54  Supply Depot  
  27  12:55  Marine x3  
  27  13:20  SCV  
  28  13:41  Orbital Command  
  28  13:48  SCV  
  29  13:58  Stimpack  
  29  13:59  Marine x2  
  29  14:00  SCV, Marine  
  29  14:01  Siege Tank  
  36  14:10  SCV  
  36  14:12  SCV  
  38  14:17  Refinery x2  
  38  14:22  SCV  
  39  14:45  Engineering Bay  
  36  15:02  Refinery  
  36  15:03  Refinery  
  36  15:05  SCV x2  
  38  15:17  SCV x2  
  40  15:21  Missile Turret  
  40  15:25  Siege Tank  
  40  15:27  Medivac  
  45  15:28  Marine  
  45  15:29  SCV, Marine x2  
  45  15:30  SCV  
  45  15:34  Supply Depot x2  
  50  15:41  SCV  
  50  15:42  SCV  
  52  15:53  Marine  
  52  15:54  SCV  
  52  15:56  SCV, Marine x2  
  135  15:57  Medivac, Siege Tank  
  60  15:58  Combat Shields  
  62  16:06  SCV  
  62  16:08  SCV  
  64  16:11  Marine  
  64  16:18  SCV  
  66  16:20  SCV  
  67  16:30  SCV  
  67  16:32  SCV  
  67  16:34  Command Center  
  61  16:42  SCV  
  61  16:44  SCV  
  61  16:45  Marine x2  
  61  16:46  Marine  
  66  16:47  Siege Tank  
  69  16:54  SCV  
  70  17:07  Supply Depot x2  
  70  17:09  Supply Depot  
  70  17:21  Terran Infantry Armor Level 1, Terran Infantry Weapons Level 1  
  70  17:28  SCV, Marine, Raven  
  74  17:30  Marine  
  74  17:31  Marine  
  76  17:39  Barracks x3  
  64  18:11  Medivac  
  66  18:15  Marine x3  
  66  18:17  Siege Tank  
  70  18:33  Marine  
  70  18:41  Raven  
  71  18:52  SCV x2  
  71  18:53  SCV  
  74  19:01  Barracks Reactor x3  
  74  19:03  Concussive Shells  
  74  19:04  Marine x3  
  74  19:06  Siege Tank  
  80  19:12  Armory  
  80  19:23  Raven  
  82  19:37  Refinery  
  82  19:38  Refinery  
  82  19:41  Barracks  
  82  19:42  Barracks x2, Marine  
  82  19:43  Barracks, Marine x8  
  91  20:00  Marine  
  91  20:01  Marine x3  
  91  20:06  Medivac  
  97  20:29  Orbital Command, Missile Turret x3  
  97  20:30  Missile Turret  
  97  20:31  Missile Turret  
  97  20:32  Barracks Tech Lab x3  
  97  20:33  Barracks Tech Lab  
  85  21:05  Marine  
  85  21:06  Marine x11  
  97  21:14  Marine  
Show
View Real Time Build Order
Export as new Build Order

Flex Terran - Winner!

Build Orders:  

Get SALT Encoding   

  12  0:01  SCV  
  13  0:14  SCV  
  14  0:27  SCV  
  15  0:33  Supply Depot  
  15  0:58  SCV  
  15  1:01  Barracks  
  16  1:10  Refinery  
  16  1:11  SCV  
  17  1:15  Engineering Bay  
  17  1:22  Refinery  
  17  1:23  SCV  
  18  1:35  SCV  
  19  1:47  SCV  
  19  1:50  Marine  
  21  1:57  Supply Depot  
  21  2:11  Marine  
  22  2:28  Planetary Fortress  
  22  2:34  Marine  
  23  2:40  Command Center  
  23  2:46  Missile Turret  
  23  3:08  SCV  
  24  3:20  SCV  
  25  3:30  Supply Depot  
  25  3:32  SCV  
  26  3:37  Factory  
  26  3:44  SCV  
  27  3:56  SCV  
  28  4:15  Ghost Academy  
  28  4:22  Factory Reactor  
  26  4:42  Barracks Tech Lab, Missile Turret  
  22  4:59  SCV  
  21  5:04  Refinery  
  20  5:11  SCV, Personal Cloaking  
  21  5:18  Ghost Academy  
  21  5:23  SCV  
  22  5:29  Missile Turret  
  22  5:35  SCV  
  23  5:38  Factory Reactor  
  22  5:47  SCV  
  20  5:52  Ghost  
  20  5:55  Nuke  
  22  5:59  SCV  
  23  6:11  SCV, Command Center  
  23  6:14  Engineering Bay  
  24  6:23  SCV  
  25  6:28  Missile Turret  
  25  6:35  SCV  
  23  6:47  SCV  
  23  6:50  Missile Turret  
  18  7:22  Nuke  
  17  7:35  Widow Mine  
  17  7:36  Widow Mine  
  21  7:38  SCV  
  22  7:50  SCV  
  23  7:57  Widow Mine x2  
  27  8:02  SCV  
  28  8:14  SCV  
  29  8:21  Nuke x2  
  30  8:41  SCV  
  30  8:46  Refinery  
  30  8:51  Widow Mine x2  
  30  8:53  SCV  
  35  8:59  SCV  
  35  9:01  Refinery  
  36  9:05  SCV  
  36  9:09  Refinery  
  37  9:11  SCV x2, Refinery  
  39  9:17  SCV  
  39  9:23  SCV  
  41  9:25  Nuke  
  41  9:29  SCV  
  42  9:35  SCV  
  43  9:42  SCV, Nuke  
  44  9:48  SCV  
  45  9:54  SCV  
  45  9:59  Widow Mine x2  
  50  10:06  SCV, Ghost  
  53  10:11  Refinery  
  53  10:18  SCV  
  48  10:41  SCV, Factory  
  49  10:53  SCV  
  50  11:06  SCV  
  50  11:09  Nuke x2  
  51  11:14  Widow Mine x2  
  51  11:18  SCV  
  56  11:21  Ghost  
  58  11:30  SCV  
  59  11:35  Factory Reactor  
  59  11:36  Widow Mine x2  
  63  11:41  SCV  
  64  11:51  Ghost Academy  
  64  11:53  SCV  
  65  11:55  Ghost Academy  
  65  11:57  Widow Mine  
  67  12:05  SCV  
  66  12:17  SCV, Ghost  
  69  12:45  Nuke x2  
  69  12:48  Nuke x2  
  69  12:55  Supply Depot  
  69  12:57  SCV  
  69  12:58  Supply Depot  
  68  13:00  Supply Depot  
  68  13:16  Ghost  
  68  13:41  SCV  
  69  13:51  Planetary Fortress  
  69  13:54  SCV  
  70  14:02  SCV  
  71  14:03  Command Center  
  71  14:05  Widow Mine x2  
  71  14:06  SCV  
  76  14:11  Widow Mine x2  
  76  14:14  SCV  
  81  14:17  Engineering Bay  
  81  14:18  SCV  
  82  14:26  SCV  
  82  14:27  Widow Mine x2  
  82  14:30  SCV  
  86  14:32  Widow Mine x2  
  86  14:38  SCV  
  91  14:45  Ghost  
  91  14:52  Starport  
  93  14:54  Supply Depot  
  93  14:56  Supply Depot  
  93  14:58  Supply Depot  
  93  15:12  SCV  
  93  15:13  Missile Turret  
  92  15:14  Ghost  
  92  15:16  Missile Turret  
  92  15:18  Missile Turret  
  94  15:36  Orbital Command  
  94  15:44  Widow Mine x2  
  98  15:50  Command Center  
  98  15:52  Starport  
  98  15:57  Starport Tech Lab  
  98  16:05  Widow Mine  
  98  16:06  Widow Mine  
  98  16:08  Terran Infantry Weapons Level 1  
  98  16:09  Starport  
  100  16:23  Cloaking Field  
  100  16:31  Starport Tech Lab  
  98  16:34  Starport  
  98  16:35  Starport  
  96  16:58  Starport Tech Lab  
  96  17:00  Refinery  
  96  17:04  Starport  
  96  17:11  Nuke x2  
  96  17:17  Starport Tech Lab  
  96  17:21  Starport Tech Lab  
  96  17:22  Banshee x2  
  96  17:23  Banshee  
  105  17:36  Command Center  
  105  17:50  Refinery  
  105  17:52  Starport Tech Lab  
  105  17:54  Banshee x2  
  111  18:05  Banshee x3  
  104  18:13  Hyperflight Rotors  
  104  18:14  Banshee  
  101  18:36  Building Armor  
  101  18:37  Banshee x2  
  105  18:48  Banshee x3  
  106  18:50  Command Center  
  112  18:57  Banshee  
  102  19:19  Banshee x2  
  102  19:21  Refinery  
  108  19:31  Banshee x3  
  115  19:39  Refinery, Planetary Fortress  
  115  19:48  Banshee  
  116  20:02  Banshee x2  
  121  20:13  Banshee  
  121  20:14  Banshee x2  
  130  20:26  Planetary Fortress  
  130  20:28  Refinery  
  130  20:31  Banshee  
  130  20:33  Refinery  
  132  20:45  Banshee x2  
  132  20:47  Planetary Fortress  
Tags
 
Composition
Hellion Banshee
League
Silver
Matchup
TvT
Opening
1/1/1
Race
Terran
Replay Pack
24 marzo
Spawn Locations
Cross Positions
Add a new tag
Caveats
  • Supply blocks, unpowered buildings, or Contaminate may cause inaccurate times.
  • Supply counts are checked every 10 seconds.